 Dungeon Crawl Stone Soup version 0.23.2-1-ga50397a (webtiles) character file.

Game seed: 1128811924263496460

194 IBeShadow the Firebug (level 5, 0/45 HPs)
             Began as a Deep Elf Fire Elementalist on May 30, 2019.
             Slain by a river rat (4 damage)
             ... summoned by Eustachio
             ... on level 4 of the Dungeon.
             The game lasted 00:14:06 (4542 turns).

IBeShadow the Firebug (Deep Elf Fire Elementalist)  Turns: 4542, Time: 00:14:06

Health: 0/45       AC: 22    Str:  7    XL:     5   Next: 44%
Magic:  1/11       EV:  2    Int: 23    God:
Gold:   117        SH:  0    Dex: 15    Spells: 0/10 levels left

rFire    . . .     SeeInvis .   e - +1 dagger
rCold    . . .     Gourm    +   (no shield)
rNeg     + + +     Faith    .   (armour currently unavailable)
rPois    +         Spirit   .   (helmet currently unavailable)
rElec    .         Reflect  .   (cloak currently unavailable)
rCorr    .         Harm     .   (gloves currently unavailable)
MR       .....     NoTele   +   (boots currently unavailable)
Stlth    +++.......             o - amulet of the gourmand
HPRegen  0.00/turn              f - +2 ring of strength
MPRegen  0.12/turn              (no ring)

@: tree-form, very slightly contaminated
A: clever 1, mutation resistance 1, inhibited regeneration
a: no special abilities


You were on level 4 of the Dungeon.
You were very full.
You were a tree.
You visited 1 branch of the dungeon, and saw 4 of its levels.

You collected 117 gold pieces.

Inventory:

Hand Weapons
 e - a +1 dagger (weapon)
Missiles
 p - a javelin of returning (quivered)
Armour
 a - a +1 robe (melded)
Jewellery
 f - a +2 ring of strength (left branch)
 o - an amulet of the gourmand (around neck)
Wands
 s - a wand of scattershot (4)
Scrolls
 b - a scroll of noise {unknown}
 d - a scroll of blinking {unknown}
 g - 9 scrolls of remove curse
 i - a scroll of magic mapping
 j - 2 scrolls of enchant armour
 k - a scroll of fear {unknown}
 l - a scroll of enchant weapon
 m - a scroll of fog {unknown}
 n - 4 scrolls of teleportation
 q - 2 scrolls of amnesia
 r - a scroll of identify {unknown}
Comestibles
 c - 7 rations


   Skills:
 + Level 1.9 Fighting
 - Level 2.4 Dodging
 + Level 4.3 Stealth
 - Level 3.0 Spellcasting
 + Level 2.9 Conjurations
 + Level 4.4 Fire Magic


You couldn't memorise any spells.
You knew the following spells:

 Your Spells              Type           Power        Failure   Level  Hunger
a - Flame Tongue          Conj/Fire      ###..        2%          1    None
b - Throw Flame           Conj/Fire      ###...       3%          2    ##.....
c - Conjure Flame         Conj/Fire      ###.....     8%          3    ###....
d - Sticky Flame          Conj/Fire      ###.....     26%         4    ####...

Your spell library contained the following spells:

 Spells                   Type           Power        Failure   Level  Hunger
 Inner Flame              Hex/Fire       ##......     14%         3    ###....
 Fireball                 Conj/Fire      ###.......   56%         5    ######.


Dungeon Overview and Level Annotations

Branches:
Dungeon (4/15)
 Temple: D:4-7

Altars:
Dithmenos
Kikubaaqudgha

Annotations:
D:4 Eustachio


Innate Abilities, Weirdness & Mutations

Your mind is acute. (Int +2)
You are somewhat resistant to further mutation.
You do not regenerate when monsters are visible.


Message History

The river rat bites you but does no damage.
The rat bites you but does no damage.
The shadow imp hits you but does no damage.
It was a potion of mutation.
You feel extremely strange.
You feel clever.
Your regeneration stops near monsters.
You feel genetically stable.
The river rat bites you but does no damage.
The rat bites you but does no damage.
You closely miss the river rat.
The river rat bites you but does no damage.
The rat bites you but does no damage.
You barely miss the river rat. The river rat bites you.
* * * LOW HITPOINT WARNING * * *
The rat bites you but does no damage.
The iron imp hits you but does no damage.
You closely miss the river rat.
The river rat bites you but does no damage.
The rat bites you but does no damage.
You closely miss the river rat. The river rat bites you.
You die...

,,,,,,,,,...........#
*,*****,,.#######...#
,,* *,*,* #...# ,**
*,*,* #...#
*******,*,* #...#
**,,,,,,*,* #5..#
*,******,** ##5###
**,* *,,* #r5# **,*
**,** #♣## **,*
*,,####r# ,,,**
**,,..#r# **,,***
***#.#@# *,,,,,**
#.#.# ,,,**,,***
#...# ,,,,,,,,,**
#..## ,,,*****,,**
#(.# *,,,* *,,,**#.##


You could see Eustachio, an iron imp, a crimson imp, a river rat, a shadow imp,
a quokka and a rat.

Vanquished Creatures
  A jelly (D:4)
  Natasha (D:4)
  5 adders
  An ooze (D:3)
  A worm (D:2)
  3 dart slugs
  4 leopard geckos
  3 orcs (D:3)
  A ball python (D:3)
  6 bats
  5 giant cockroaches
  8 goblins
  5 hobgoblins
  5 jackals (D:2)
  9 kobolds
  5 quokkas
  3 frilled lizards
  A jackal skeleton (D:4)
  9 rats
76 creatures vanquished.

Notes
Turn   | Place    | Note
-------+----------+-------------------------------------------
     0 | D:1      | IBeShadow the Deep Elf Fire Elementalist began the quest
                  | for the Orb.
     0 | D:1      | Reached XP level 1. HP: 10/10 MP: 6/6
   109 | D:1      | Reached XP level 2. HP: 16/16 MP: 5/8
   126 | D:1      | Learned a level 2 spell: Throw Flame
   750 | D:1      | Reached XP level 3. HP: 20/20 MP: 6/9
   907 | D:1      | Learned a level 3 spell: Conjure Flame
  1478 | D:2      | Reached skill level 1 in Fighting
  2139 | D:2      | Reached XP level 4. HP: 25/25 MP: 0/10
  3464 | D:3      | Found an ancient bone altar of Kikubaaqudgha.
  3843 | D:3      | Found a shadowy altar of Dithmenos.
  3847 | D:3      | Reached XP level 5. HP: 30/30 MP: 3/11
  4306 | D:4      | Noticed Natasha
  4311 | D:4      | Killed Natasha
  4446 | D:4      | Noticed Eustachio
  4472 | D:4      | Learned a level 4 spell: Sticky Flame
  4538 | D:4      | Gained mutation: Your mind is acute. (Int +2) [potion of
                  | mutation]
  4538 | D:4      | Gained mutation: You do not regenerate when monsters are
                  | visible. [potion of mutation]
  4538 | D:4      | Gained mutation: You are somewhat resistant to further
                  | mutation. [potion of mutation]
  4542 | D:4      | Slain by a river rat

Skill      XL: |  1  2  3  4 |
---------------+-------------+-----
Stealth        | 3 4 |  4.3
Fighting       | 1 |  1.9
Conjurations   | 2 |  2.9
Fire Magic     | 4 |  4.4
Dodging        | |  2.4
Spellcasting   | |  3.0

Action                   |  1- 3 |  4- 6 || total
-------------------------+-------+-------++-------
Melee: Dagger            |    21 |    46 ||    67
Throw: Tomahawk          |    10 |     9 ||    19
       Javelin           |       |     4 ||     4
 Cast: Flame Tongue      |    36 |     6 ||    42
       Throw Flame       |    34 |    54 ||    88
       Conjure Flame     |     2 |     1 ||     3
Evoke: Wand              |       |     1 ||     1
  Use: Scroll            |       |     6 ||     6
       Potion            |       |     2 ||     2
 Stab: Sleeping          |     4 |     1 ||     5
  Eat: Chunk             |     5 |    20 ||    25
Armor: Robe              |     1 |    20 ||    21
       Skin              |       |    11 ||    11
Dodge: Dodged            |    23 |    63 ||    86
